 Dungeon Crawl Stone Soup version 0.18-a0-1548-g1f2e0e3 (webtiles) character file.

363 Svalin the Poker (level 7, -3/52 HPs)
             Began as a Formicid Fighter on Mar 11, 2016.
             Killed by nerve-wracking pain
             ... invoked by an orc priest
              (13 damage)
             ... on level 3 of the Dungeon.
             The game lasted 00:06:40 (2493 turns).

Svalin the Poker (Formicid Fighter)                 Turns: 2493, Time: 00:06:40

Health: -3/52      AC:  8    Str: 21    XL:     7   Next: 0%
Magic:  7/7        EV:  7    Int:  7    God:
Gold:   114        SH:  9    Dex: 12    Spells: 0 memorised, 6 levels left

rFire  . . .     SeeInvis +     a - +1 trident
rCold  . . .     Gourm    .     b - +0 scale mail
rNeg   . . .     Faith    .     c - +0 shield
rPois  .         Spirit   .     (helmet unavailable)
rElec  .         Dismiss  .     (no cloak)
rCorr  +         Reflect  .     e - +0 pair of gloves
SustAt .         Harm     .     (no boots)
MR     .....                    (no amulet)
Stlth  ..........               (no ring)
                                k - ring of resist corrosion

@: not resistant to hostile enchantments, extremely unstealthy
A: permanent stasis, dig shafts and tunnels, four strong arms, antennae 3
a: Dig, Shaft Self


You were on level 3 of the Dungeon.
You were not hungry.

You visited 1 branch of the dungeon, and saw 3 of its levels.

You collected 114 gold pieces.

Inventory:

Hand Weapons
 a - a +1 trident (weapon)
Armour
 b - a +0 scale mail (worn)
 c - a +0 shield (worn)
 e - a +0 pair of gloves (worn)
Jewellery
 k - a ring of resist corrosion (left hand)
Potions
 d - a potion of might
 i - a potion of degeneration {unknown}
 j - a potion of curing
 q - a potion of mutation
Comestibles
 f - 2 bread rations
 g - a beef jerky
 h - 2 fruits
 r - a chunk of flesh


   Skills:
 - Level 3.2 Fighting
 * Level 6.9 Polearms
 - Level 3.2 Armour
 - Level 3.6 Shields


You had 6 spell levels left.
You didn't know any spells.

Dungeon Overview and Level Annotations

Branches:
Dungeon (3/15)

Altars:
Elyvilon
Okawaru
Sif Muna


Innate Abilities, Weirdness & Mutations

You are under a permanent stasis effect.
You can dig through walls and to a lower floor.
Your four strong arms can wield two-handed weapons with a shield.
You have a pair of large antennae on your head (SInv).


Message History

You are too injured to fight recklessly!
You hit the orc priest.
The orc priest is moderately wounded.
The orc priest hits you but does no damage.
You hit the orc priest.
The orc priest is heavily wounded.
You block the orc priest's attack.
You hit the orc priest.
The orc priest is severely wounded.
The orc priest mumbles some strange prayers to Beogh against you.
Beogh smites you!
* * * LOW HITPOINT WARNING * * *
You barely miss the orc priest.
The orc priest is severely wounded.
You block the orc priest's attack.
Drink which item? (? for menu, Esc to quit)
You feel better.
The orc priest invokes the aid of Beogh against you.
Pain shoots through your body!
You die...

#...........#..#.....
#.. ##.....#..#..##.#
......##.
##...........##
.#....... #.
#............###.#.
.....##.
..#........#...#...
....#..
.........#.###.##.#
#.#.#..
.####...#.o##.##.#
#.#....
#.####o##.##.####.##...
{ #.#
#@##.##.##........ #.#
#..........#.##.#. .{.
######............ {
... ####......... ....#
#.......## ....#
#......## .....#
#......# ########


You could see an orc priest and an orc.

Vanquished Creatures
  An ice beast (D:3)
  A giant frog (D:3)
  An orc wizard (D:2)
  Jessica (D:2)
  Natasha (thrice) (D:2)
  An adder (D:2)
  3 worms
  A dart slug (D:2)
  A giant gecko (D:2)
  5 orcs
  A ball python (D:3)
  11 bats
  4 giant cockroaches
  8 goblins
  A hobgoblin (D:1)
  A jackal (D:1)
  4 giant newts
  7 kobolds
  8 rats
63 creatures vanquished.

Notes
Turn   | Place    | Note
--------------------------------------------------------------
     0 | D:1      | Svalin the Formicid Fighter began the quest for the Orb.
     0 | D:1      | Reached XP level 1. HP: 18/18 MP: 1/1
   147 | D:1      | Reached XP level 2. HP: 24/24 MP: 2/2
   428 | D:1      | Reached skill level 3 in Polearms
   715 | D:2      | Reached XP level 3. HP: 27/29 MP: 3/3
   782 | D:2      | Found an iron altar of Okawaru.
  1538 | D:2      | Noticed Natasha
  1547 | D:2      | Killed Natasha
  1547 | D:2      | Reached skill level 4 in Polearms
  1547 | D:2      | Reached XP level 4. HP: 27/35 MP: 4/4
  1589 | D:2      | Noticed Natasha
  1605 | D:2      | Killed Natasha
  1638 | D:2      | Reached XP level 5. HP: 37/41 MP: 5/5
  1657 | D:2      | Noticed Jessica
  1662 | D:2      | Killed Jessica
  1662 | D:2      | Reached skill level 5 in Polearms
  1908 | D:2      | Noticed Natasha
  1914 | D:2      | Killed Natasha
  2038 | D:2      | Reached XP level 6. HP: 42/47 MP: 6/6
  2154 | D:3      | Noticed an ice beast
  2159 | D:3      | Reached skill level 6 in Polearms
  2169 | D:3      | Killed an ice beast
  2295 | D:3      | Found a white marble altar of Elyvilon.
  2367 | D:3      | Found a deep blue altar of Sif Muna.
  2487 | D:3      | Reached XP level 7. HP: 18/52 MP: 7/7
  2493 | D:3      | Killed from afar by an orc priest

Vault maps used:
D:1:      shiori_shiawase
D:2:      nicolae_overflow_crystal_walls, uniq_jessica, uniq_natasha
D:3:      elyvilon_altar_4, zin_angel, lemuel_blue_sif_altar

Skill      XL: |  1  2  3  4  5  6 |
---------------+-------------------+-----
Polearms       | 3 4 5 6 |  6.9
Fighting       | |  3.2
Armour         | |  3.2
Shields        | |  3.6

Action                   |  1- 3 |  4- 6 |  7- 9 || total
-------------------------+-------+-------+-------++-------
Melee: Trident           |   107 |   108 |     4 ||   219
  Use: Scroll            |       |     8 |       ||     8
       Potion            |       |       |     2 ||     2
  Eat: Chunk             |     1 |     4 |       ||     5
